 Dungeon Crawl Stone Soup version bcrawl-1.40.2 (webtiles) character file.

Game seed: 16119957057049326981

10107179 Artagas the Cardsharp (level 27, 248/248 HPs)
             Began as a Hill Orc Spelunker on Nov 16, 2023.
             Was a High Priest of Nemelex Xobeh.
             Escaped with the Orb
             ... and 3 runes on Nov 19, 2023!
             The game lasted 05:48:26 (97286 turns).

Artagas the Cardsharp (Hill Orc Spelunker)         Turns: 97286, Time: 05:48:26

Health: 248/248    AC: 41    Str: 30    XL:     27
Magic:  40/40      EV: 18    Int: 16    God:    Nemelex Xobeh [*****.]
Gold:   542        SH: 36    Dex: 13    Spells: 27/30 levels left

rFire    + + +     GDR:     40% a - +9 broad axe (freeze)
rCold    . . .     SeeInvis .   Q - +8 large shield
rNeg     + + .     Gourm    .   S - +10 plate armour {MR+}
rPois    +         Faith    .   y - +2 hat "Teenun" {rN+}
rElec    +         Spirit   +   O - +2 cloak {rPois}
rCorr    .         Reflect  .   Z - +1 pair of gloves {Dex+3}
MR       +++..                  J - +2 pair of boots
Stlth    ..........             I - amulet of Quzxian {Spirit rF+++}
HPRegen  0.51/turn              Y - ring of Gigipsog {rElec rN+ Int+4 Stlth+}
MPRegen  0.27/turn              M - ring of Phasing {EV+8}

@: studying 2 skills
A: large bone plates 1, strong 1, no potion heal 1
0: Orb of Zot
}: 3/15 runes: decaying, barnacled, slimy
a: Draw Escape, Draw Destruction, Draw Summoning, Draw Stack, Triple Draw, Deal
Four, Stack Five, Renounce Religion


You escaped.
You worshipped Nemelex Xobeh.
Nemelex Xobeh was extremely pleased with you.
You were full.

You visited 12 branches of the dungeon, and saw 48 of its levels.
You visited 1 bazaar.
You also visited: Ossuary and Ice Cave.

You collected 6610 gold pieces.
You spent 6068 gold pieces at shops.

Inventory:

Hand Weapons
 a - a +9 broad axe of freezing (weapon)
   (You took it off a death knight on level 9 of the Dungeon)
 b - a +4 fustibalus of velocity
   (You found it on level 10 of the Dungeon)
Missiles
 x - 338 steel javelins (quivered)
 C - 8 throwing nets {=f}
 K - 4610 sling bullets
Armour
 y - the +2 hat "Teenun" (worn) {rN+}
   (You found it in an ice cave)

   It protects you from negative energy.
 J - a +2 pair of boots (worn)
   (You bought it in a shop in a bazaar)
 O - a +2 cloak of poison resistance (worn)
   (You found it on level 12 of the Dungeon)
 Q - a +8 large shield (worn)
   (You took it off a vault guard on level 2 of the Vaults)
 S - a +10 plate armour of magic resistance (worn)
   (You took it off an orc warrior on level 5 of the Dungeon)
 Z - a +1 pair of gloves of dexterity (worn)
   (You bought it in a shop on level 1 of the Shoals)
Jewellery
 c - an uncursed ring of protection from cold
   (You found it on level 5 of the Pits of Slime)
 I - the amulet of Quzxian (around neck) {Spirit rF+++}
   (You took it off a deep elf blademaster on level 3 of the Elven Halls)

   [amulet of guardian spirit]

   It causes incoming damage to be split between your health and magic.
   It renders you almost immune to fire.
 M - the ring of Phasing (right hand) {EV+8}
   (You found it on level 5 of the Pits of Slime)

   [ring of evasion]

   It affects your evasion (+8).
 N - the ring of Iblef {+Inv rPois Dex-2 Stlth--}
   (You took it off a spriggan berserker on level 3 of the Depths)

   [ring of attention]

   It affects your dexterity (-2).
   It protects you from poison.
   It lets you turn invisible.
   It makes you much less stealthy.
 T - the ring "Wuzuisuf" {*Slow rN+ MR+ MP+9 Str+6}
   (You found it on level 3 of the Elven Halls)

   [ring of magical power]

   It affects your strength (+6).
   It protects you from negative energy.
   It affects your resistance to hostile enchantments.
   It affects your magic capacity (+9).
   It may slow you when you take damage.
 Y - the ring of Gigipsog (left hand) {rElec rN+ Int+4 Stlth+}
   (You took it off a skeletal warrior on level 2 of the Crypt)

   [ring of positive energy]

   It affects your intelligence (+4).
   It insulates you from electricity.
   It protects you from negative energy.
   It makes you more stealthy.
Wands
 v - a wand of digging (45)
 B - a wand of clouds (16)
   (You found it on level 1 of the Swamp)
 F - a wand of scattershot (8)
   (You bought it in a shop on level 9 of the Dungeon)
 L - a wand of charming (24)
   (You found it on level 11 of the Dungeon)
 R - a wand of paralysis (33)
   (You found it on level 5 of the Dungeon)
 U - a wand of acid (9)
   (You found it on level 4 of the Lair of Beasts)
Scrolls
 k - a scroll of summoning
 m - 6 scrolls of revelation
 t - 18 scrolls of teleportation
 z - 3 scrolls of blinking
 D - 6 scrolls of fear
 G - 6 scrolls of silence
 P - 9 scrolls of fog
 W - a scroll of immolation
Potions
 d - 4 potions of might
 f - 3 potions of magic
 h - 5 potions of haste
 j - 2 potions of mutation
 l - 7 potions of flight
 n - 4 potions of resistance
 p - 2 potions of ambrosia
 q - 15 potions of curing
 s - 5 potions of agility
 u - 4 potions of berserk rage
 w - 7 potions of heal wounds
 A - a potion of cancellation
 E - 7 potions of lignification
 V - 2 potions of invisibility
Miscellaneous
 g - a lamp of fire
 o - a lightning rod (4/4)
   (You found it on level 5 of the Pits of Slime)
 r - a phial of floods (inert)
   (You found it on level 3 of the Shoals)
 H - 5 boxes of beasts
Comestibles
 e - 20 rations {!d}


   Skills:
 + Level 20.4 Fighting
   Level 20.4 Short Blades
   Level 20.4 Long Blades
   Level 20.4 Axes
   Level 20.4 Maces & Flails
   Level 20.4 Polearms
   Level 20.4 Staves
 - Level 16.0 Slings
 + Level 19.7 Armour
 + Level 12.9 Dodging
 - Level 2.6 Stealth
 + Level 18.8 Shields
   Level 20.4 Unarmed Combat
 - Level 2.0 Spellcasting
 - Level 2.0 Hexes
 - Level 1.3 Transmutations
 - Level 2.0 Earth Magic
 O Level 27 Invocations
 + Level 14.1 Evocations


You had 27 spell levels left.
You knew the following spells:

 Your Spells              Type           Power        Failure   Level  Hunger
a - Corona                Hex            #......      100%        1    None
b - Passwall              Tmut/Erth      #.......     100%        2    ##.....

Your spell library contained the following spells:

 Spells                   Type           Power        Failure   Level  Hunger
 Beastly Appendage        Tmut           #.....       100%        1    None
 Flame Tongue             Conj/Fire      #....        100%        1    None
 Freeze                   Ice            #.....       100%        1    None
 Infusion                 Chrm           #.......     100%        1    None
 Necrotize                Necr           #.....       100%        1    None
 Static Discharge         Air            #.....       100%        1    None
 Sting                    Conj/Pois      #...         100%        1    None
 Summon Small Mammal      Summ           #...         100%        1    None
 Call Imp                 Summ           #.....       100%        2    ##.....
 Corpse Rot               Necr           N/A          100%        2    ##.....
 Ensorcelled Hibernation  Hex/Ice        #.....       100%        2    ##.....
 Flaming Arrows           Chrm/Fire      #.......     100%        2    ##.....
 Poisonous Vapours        Pois/Air       #.....       100%        2    ##.....
 Shackle                  Hex            #.......     100%        2    ##.....
 Song of Slaying          Chrm           #.......     100%        2    ##.....
 Sticks to Snakes         Tmut           #.......     100%        2    ##.....
 Sublimation of Blood     Necr           #.........   100%        2    ##.....
 Swiftness                Chrm/Air       #.......     100%        2    ##.....
 Throw Frost              Conj/Ice       #.....       100%        2    ##.....
 Call Canine Familiar     Summ           #.......     100%        3    ####...
 Conjure Flame            Conj/Fire      #.......     100%        3    ####...
 Ignite Poison            Fire/Tmut/Pois #.......     100%        3    ####...
 Inner Flame              Hex/Fire       N/A          100%        3    ####...
 Mephitic Cloud           Conj/Pois/Air  #.......     100%        3    ####...
 Ozocubu's Armour         Chrm/Ice       #.......     100%        3    ####...
 Recall                   Summ/Tloc      N/A          100%        3    ####...
 Regeneration             Chrm/Necr      #.........   100%        3    ####...
 Spectral Weapon          Hex/Chrm       #.......     100%        3    ####...
 Spider Form              Tmut/Pois      #..          100%        3    ####...
 Vampiric Draining        Necr           #.........   100%        3    ####...
 Agony                    Necr           #.......     100%        4    ######.
 Airstrike                Air            #.........   100%        4    ######.
 Animate Dead             Necr           N/A          100%        4    ######.
 Cause Fear               Hex            #.........   100%        4    ######.
 Fulminant Prism          Conj/Hex       #.........   100%        4    ######.
 Ice Form                 Ice/Tmut       #.......     100%        4    ######.
 Lightning Bolt           Conj/Air       #.......     100%        4    ######.
 Olgreb's Toxic Radiance  Pois           #........    100%        4    ######.
 Petrify                  Tmut/Erth      #.........   100%        4    ######.
 Sticky Flame             Conj/Fire      #.......     100%        4    ######.
 Summon Ice Beast         Ice/Summ       #.......     100%        4    ######.
 Summon Scorpions         Summ/Pois      #.......     100%        4    ######.
 Throw Icicle             Conj/Ice       #.......     100%        4    ######.
 Tree Form                Hex/Tmut       N/A          100%        4    ######.
 Blade Hands              Tmut           #.........   100%        5    #######
 Bolt of Draining         Conj/Necr      #.........   100%        5    #######
 Bolt of Magma            Conj/Fire/Erth #.........   100%        5    #######
 Dispel Undead            Necr           #.......     100%        5    #######
 Fireball                 Conj/Fire      #.........   100%        5    #######
 Iskenderun's Battlesphe  Conj/Chrm      #.......     100%        5    #######
 Lee's Rapid Deconstruct  Erth           #.........   100%        5    #######
 Metabolic Englaciation   Hex/Ice        #.........   100%        5    #######
 Piercing Shot            Chrm           #.........   100%        5    #######
 Silence                  Hex/Air        #.........   100%        5    #######
 Steam Barrier            Chrm/Fire      #.........   100%        5    #######
 Summon Demon             Summ           #.........   100%        5    #######
 Summon Forest            Summ/Tloc      #.........   100%        5    #######
 Summon Lightning Spire   Summ/Air       #.......     100%        5    #######
 Summon Mana Viper        Hex/Summ       #.......     100%        5    #######
 Venom Bolt               Conj/Pois      #.........   100%        5    #######
 Aura of Abjuration       Summ           #.........   100%        6    #######
 Bolt of Cold             Conj/Ice       #.........   100%        6    #######
 Bolt of Fire             Conj/Fire      #.........   100%        6    #######
 Borgnjor's Vile Clutch   Necr/Erth      #.........   100%        6    #######
 Conjure Ball Lightning   Conj/Air       #.........   100%        6    #######
 Darkness                 Hex            #.........   100%        6    #######
 Deflect Missiles         Chrm/Air       #.........   100%        6    #######
 Infestation              Hex/Tmut/Pois  #........    100%        6    #######
 Invisibility             Hex            #.......     100%        6    #######
 Iron Shot                Conj/Erth      #.........   100%        6    #######
 Ozocubu's Refrigeration  Ice            #.........   100%        6    #######
 Poison Arrow             Conj/Pois      #.........   100%        6    #######
 Simulacrum               Ice/Necr       #.......     100%        6    #######
 Statue Form              Tmut/Erth      #........    100%        6    #######
 Summon Hydra             Summ           #.........   100%        6    #######
 Virulence                Hex/Pois       #.......     100%        6    #######
 Blight                   Necr/Pois      #........    100%        7    #######
 Discord                  Hex            #.........   100%        7    #######
 Dragon Form              Tmut           #......      100%        7    #######
 Mana Rupture             Conj/Hex       #.........   100%        7    #######
 Monstrous Menagerie      Summ           #.........   100%        7    #######
 Orb of Destruction       Conj           #.........   100%        7    #######
 Scorpion Form            Tmut/Pois      #.........   100%        7    #######
 Shadow Creatures         Summ           N/A          100%        7    #######
 Spellforged Servitor     Conj/Summ      #.........   100%        7    #######
 Summon Fire Elementals   Fire/Summ      #........    100%        7    #######
 Ignition                 Hex/Fire       #.........   100%        8    #######
 Necromutation            Tmut/Necr      #.......     100%        8    #######
 Time Stop                Chrm/Tloc      N/A          100%        8    #######
 Tornado                  Tloc/Air       #.........   100%        8    #######
 Dragon's Call            Summ           #.........   100%        9    #######
 Fire Storm               Fire           #.........   100%        9    #######
 Shatter                  Erth           #.........   100%        9    #######
 Passage of Golubria      Tloc           Unusable     N/A         5    N/A

Dungeon Overview and Level Annotations

Branches:
Dungeon (12/12)            Temple (1/1) D:5            Lair (6/6) D:7
  Swamp (3/3) Lair:4       Shoals (3/3) Lair:4        Slime (5/5) Orc
    Orc (1/1) D:9             Elf (3/3) Lair:5       Vaults (2/3) D:12
  Crypt (2/2) Vaults:2       Tomb (0/3) Crypt:2      Depths (5/5) D:12
    Zot (5/5) Depths:5

Altars:
Ashenzari
Cheibriados
Dithmenos
Elyvilon
Fedhas
Gozag
Hepliaklqana
Kikubaaqudgha
Lugonu
Makhleb
Nemelex Xobeh
Okawaru
Qazlal
Ru
Sif Muna
Trog
Uskayaw
Wu Jian
Xom
Yredelemnul
Zin
The Shining One
Jiyva

Shops:
D:9 }   D:11 [   Orc }?(=*   Elf:3 [?   Shoals:1 [   Shoals:2 *   Shoals:3 !

Portals:
Hell: Depths:1 Depths:2 Depths:3 Depths:4 Depths:5
Abyss: Depths:2 Depths:4
Pandemonium: Depths:3
Ziggurat: Depths:3

Annotations:
Lair:4 1 runed translucent door, Ceyroiss's ghost, journeyman HuWn
Shoals:2 Roxanne
Elf:1 25 runed doors
Elf:2 3 runed translucent doors


Innate Abilities, Weirdness & Mutations

You are partially covered in large bone plates. (SH +4)
Your muscles are strong. (Str +2)
Potions are less effective at restoring your health.


Message History

Things that are here:
94 bolts; a +0 arbalest HP restored.
You see here +0 ice dragon scales.
There is a stone staircase leading up here.
A rune on the stairs sparks and fizzles.
You climb upwards.
There is a stone staircase leading down here.
There is a stone staircase leading up here.
You climb upwards.
There is a stone staircase leading down here.
There is a stone staircase leading up here.
You climb upwards.
There is a stone staircase leading down here.
Items here: ))) [ a +0 flail; a +0 ring mail; a +0 flail; a +0 mace
There is an entrance to Henoatel's Gadget Shop here.
You see here a +0 short sword.
Things that are here:
a +0 whip; a +1 robe of magic recovery; a +0 dagger
There is a stone staircase leading up here.
You climb upwards.
There is a stone staircase leading down here.
Fyreduh comes into view.
Press: ? - help, v - describe, . - travel
Here: Fyreduh You feel yourself speed up.
Fyreduh gestures at you. You resist with almost no effort.
You see here a +0 robe.
There is a stone staircase leading up here.
You climb upwards.
There is a stone staircase leading down here.
(D) Dungeon (T) Temple (L) Lair (S) Swamp (A) Shoals (M) Slime Pits (O) Orcish Mines (E) Elven Halls (V) Vaults (C) Crypt (W) Tomb (U) Depths (H) Hell (Z) Zot
Where to? (Enter - D:1 @ (x,y), ? - help)
What level of the Dungeon? (default 1, ? - help)
There is a stone staircase leading up here.
You climb upwards.
There is a stone staircase leading down here.
Things that are here:
a +0 robe; a +0 dagger
There is a stone staircase leading up here.
You climb upwards.
There is a stone staircase leading down here.
Your extra speed is starting to run out.
You feel yourself slow down.
There is a stone staircase leading up here.
You climb upwards.
There is a stone staircase leading down here.
There is a stone staircase leading up here.
There is a stone staircase leading up here.
You climb upwards.
There is a stone staircase leading down here.
There is a stone staircase leading up here.
You climb upwards.
There is a stone staircase leading down here.
A shadow demon comes into view.
The shadow demon gestures.
You block the shadow demon's attack.
Your shield and plate armour prevent you from hitting the shadow demon.
The shadow demon gestures.
You block the shadow demon's attack.
You slash the shadow demon!
The shadow demon is lightly wounded.
You slice the worm!! You freeze the worm!
You kill the worm!
The worm's corpse dissolves into shadows!
You slice the shadow demon!! You freeze the shadow demon.
The shadow demon is heavily wounded.
The shadow demon gestures.
You slice the shadow demon!! You freeze the shadow demon.
You kill the shadow demon!
The sixfirhy disappears in a puff of smoke!
The rust devil disappears in a puff of smoke!
The bat dissolves into shadows!
Evoke which item? (* to show all) (? for menu, Esc to quit)
Aiming: Dig
Press: ? - help, Shift-Dir - straight line This square is covered in magical glow.
The rock shatters into small pieces.
There is a stone staircase leading up here.
You climb upwards.
There is a stone staircase leading down here.
(D) Dungeon (T) Temple (L) Lair (S) Swamp (A) Shoals (M) Slime Pits (O) Orcish Mines (E) Elven Halls (V) Vaults (C) Crypt (W) Tomb (U) Depths (H) Hell (Z) Zot
Where to? (Enter - D:1 @ (x,y), ? - help)
Okay, then.
You slash the worm! You freeze the worm.
You kill the worm!
You see here a worm corpse.
There is a stone staircase leading down here.
There is an open door here.
There is a staircase leading out of the dungeon here.
The power of the Orb breaks the dimensional shunt like a soap bubble!
You have escaped!

###♣♣♣♣♣♣♣♣♣♣♣
#.'.........@♣
#.#♣.♣♣♣♣♣...♣
#.#♣.♣P♣P....♣ #
#.#♣.♣.....♣.♣
#####.#♣....⌠.♣♣.♣
......#♣♣♣.)..P♣.♣
...†>## ♣♣...♣♣.♣
.....# ♣♣.♣♣♣.♣
.....## ♣P....♣


There were no monsters in sight!

Vanquished Creatures
  2 juggernauts
  7 orbs of fire (Zot:5)
  2 ancient liches
  4 Killer Klowns
  the Enchantress (Depths:2)
  6 golden dragons
  A shard shrike (Slime:5)
  4 rockslimes
  A bone dragon (Depths:5)
  2 electric golems
  10 tentacled monstrosities
  6 liches
  A Hell Sentinel (Depths:5)
  Jorgrun (Shoals:2)
  25 Orb Guardians (Zot:5)
  A shard shrike skeleton (Crypt:2)
  6 wendigos
  5 titans
  3 quicksilver dragons
  4 death cobs
  10 acid blobs
  2 deep elf blademasters (Elf:3)
  A deep elf master archer (Elf:3)
  2 sphinxes (Depths:2)
  The ghost of Lazarus1551 the Eclecticist, an adept OnIE of Ashenzari (D:12)
  2 ancient champions (Crypt:2)
  8 shadow dragons
  4 thorn hunters
  Kirke (D:11)
  6 ghouls
  6 storm dragons
  2 tengu reavers (Depths:4)
  3 draconian monks
  A war gargoyle (Vaults:2)
  5 revenants
  5 azure jellies
  7 frost giants
  3 draconian knights
  12 fire giants
  3 ghost moths
  Louise (Depths:2)
  2 curse skulls (Crypt:2)
  A draconian shifter (Zot:5)
  3 deep elf sorcerers
  An iron dragon (Depths:3)
  2 draconian stormcallers
  3 vault wardens
  21 stone giants
  3 deep elf elementalists (Elf:3)
  5 draconian annihilators
  4 spriggan defenders
  An elemental wellspring (Shoals:2)
  2 caustic shrike skeletons (Depths:3)
  6 ironheart preservers
  An eye of devastation (shapeshifter) (Depths:4)
  6 jiangshi
  4 draconian scorchers
  25 very ugly things
  An eye of devastation (Zot:2)
  4 green draconians
  12 vampire knights
  6 black draconians
  7 white draconians
  6 red draconians
  A minotaur (Depths:3)
  2 purple draconians
  16 yellow draconians
  An entropy weaver (Lair:6)
  5 deep elf demonologists
  5 dire elephants (Vaults:2)
  7 deep elf annihilators
  5 spark wasps
  10 eidola
  A blizzard demon (Depths:3)
  2 spectral quicksilver dragons (Crypt:2)
  5 merfolk javelineers
  10 deep elf death magi
  2 merfolk impalers (Shoals:3)
  20 ettins
  A green death (Depths:3)
  7 fire dragons
  A spectral golden dragon (Crypt:2)
  2 deep elf high priests (Elf:3)
  6 yaktaur captains
  A spectral shadow dragon (Crypt:2)
  7 shadow wraiths
  A hydra (shapeshifter) (Depths:2)
  2 rakshasas (Depths:3)
  5 ghost crabs
  5 vault guards
  A death knight (Crypt:2)
  14 hydras
  A merfolk avatar (Shoals:2)
  11 ice dragons
  5 spriggan air magi
  2 ogre magi
  11 alligators
  8 great orbs of eyes
  A catoblepas (D:12)
  5 satyrs
  A caustic shrike simulacrum (Depths:3)
  3 spectral fire giants (Crypt:2)
  5 merfolk aquamancers
  4 shambling mangroves
  2 ancient automatons (Slime:2)
  8 death oozes
  2 spectral frost giants (Crypt:2)
  A spectral stone giant (Crypt:2)
  9 two-headed ogres
  A queen ant (Lair:6)
  5 deep troll shamans
  2 tengu warriors
  8 deep troll earth magi
  2 death yaks (Lair:5)
  7 sea snakes
  12 vampire magi
  6 spriggan berserkers
  20 dancing weapons
  An orc high priest (Orc)
  3 spectral storm dragons (Crypt:2)
  12 deep elf knights
  An ironheart beastmaster (Vaults:2)
  A storm dragon zombie (Crypt:2)
  3 soul eaters
  A sun demon (Depths:1)
  A hell knight (Depths:5)
  12 centaur warriors
  2 fire crabs (shapeshifter)
  19 deep trolls
  A titan skeleton (Crypt:2)
  A fire crab (Shoals:1)
  14 skeletal warriors
  5 iron trolls
  A shadow demon (D:2)
  2 spriggan druids
  An unseen horror (Lair:2)
  2 spark wasp zombies
  A spectral iron dragon (Crypt:2)
  7 glowing orange brains
  4 lindwurms
  11 flayed ghosts
  A death drake (Swamp:3)
  An orc knight (D:12)
  A spectral hydra (Crypt:2)
  8 swamp dragons
  6 deep elf archers
  6 necromancers
  6 wizards
  An iron giant skeleton (Crypt:2)
  9 harpies
  3 ironheart convokers
  A fire giant zombie (Depths:1)
  11 phantasmal warriors
  2 wolf spider zombies
  A stone giant zombie (Depths:3)
  4 orc sorcerers (Orc)
  A frost giant zombie (Depths:3)
  9 fauns
  39 ugly things
  A wolf spider (D:11)
  5 cyclopes
  A spectral fire dragon (Crypt:2)
  9 manticores
  4 oklob plants
  A mana viper (Depths:3)
  A spectral ettin (Crypt:2)
  3 shining eyes
  42 deep elf magi
  12 will-o'-wisps (Swamp:1)
  13 moths of wrath
  14 merfolk sirens
  An elephant (Depths:4)
  7 vault sentinels
  4 water nymphs
  A frost giant skeleton (Depths:3)
  A water nymph (shapeshifter) (Depths:2)
  A rust devil (Depths:3)
  10 cane toads
  A gargoyle (D:12)
  2 ice statues (IceCv)
  A human zombie (Vaults:1)
  A titan simulacrum (Crypt:2)
  A spriggan skeleton (Depths:1)
  A shock serpent skeleton (Crypt:1)
  A black draconian zombie (Crypt:2)
  A demonic crawler (Depths:5)
  A jumping spider (shapeshifter) (Depths:2)
  29 yaktaurs
  6 komodo dragons
  16 freezing wraiths
  3 efreet
  An eye of draining (shapeshifter) (Vaults:1)
  3 hellwings
  A hellion (Zot:4)
  2 rime drakes
  2 yaktaur skeletons
  A golden dragon simulacrum (Crypt:2)
  14 ice devils
  A spectral harpy (Crypt:2)
  2 red devils
  2 tormentors (Zot:5)
  Maurice (D:11)
  12 merfolk
  12 trolls
  A death yak skeleton (Crypt:1)
  5 harpy skeletons (D:12)
  A minotaur skeleton (Crypt:2)
  3 meliai (D:11)
  10 tyrant leeches
  4 polar bears (Lair:6)
  A wind drake (shapeshifter) (Elf:1)
  A meliai (shapeshifter) (Vaults:2)
  A hornet (shapeshifter) (Vaults:1)
  19 hornets
  7 blink frogs
  A dream sheep (shapeshifter) (Depths:4)
  152 slime creatures
  5 wind drakes
  Grum (Lair:1)
  An ettin zombie (Crypt:1)
  A fire giant simulacrum (Crypt:2)
  An ice dragon zombie (Crypt:2)
  6 bog bodies
  6 dream sheep
  A spectral swamp dragon (Crypt:2)
  8 hippogriffs
  An iron dragon simulacrum (Depths:3)
  2 snapping turtles
  A stone giant simulacrum (Depths:1)
  3 shadows
  25 water elementals
  2 air elementals (Elf:2)
  2 tarantellas (Depths:4)
  A spectral black mamba (Crypt:2)
  49 yaks
  A basilisk (Depths:4)
  18 spriggans
  19 fire elementals
  2 wyverns
  4 wraiths
  A ynoxinul (Depths:3)
  Eustachio (D:4)
  3 golden eyes (Slime:4)
  A tyrant leech zombie (Crypt:1)
  A golden eye (shapeshifter) (Depths:2)
  4 hungry ghosts
  A human (D:9)
  2 swamp worms (shapeshifter)
  A yaktaur simulacrum (Vaults:1)
  5 vampire mosquitoes
  4 wargs
  12 swamp worms
  11 crocodiles
  A naga (shapeshifter) (Elf:2)
  7 water moccasins
  A spectral cane toad (Crypt:2)
  A floating eye (Depths:4)
  18 orc warriors
  8 porcupines
  20 soldier ants (Lair:6)
  A faun skeleton (Crypt:2)
  A phantom (D:11)
  2 hornet zombies
  4 ice beasts
  An ice dragon simulacrum (Vaults:1)
  12 swamp drakes
  3 black bears
  4 sky beasts
  A snapping turtle zombie (Crypt:2)
  2 necrophages (Crypt:2)
  18 ogres
  21 boggarts
  29 wolves
  17 bullfrogs
  2 elf zombies
  Blork the orc (D:5)
  4 kobold brigands
  5 earth elementals
  10 centaurs
  A cane toad simulacrum (Crypt:2)
  A salamander skeleton (Crypt:2)
  4 scorpions
  A human simulacrum (Vaults:1)
  A spectral ogre (Crypt:2)
  4 killer bees (D:9)
  6 wights
  6 howler monkeys
  An electric eel (Lair:1)
  20 orc priests
  8 crimson imps
  18 jellies
  3 quasits (D:4)
  5 hounds
  2 bullfrog skeletons (D:4)
  30 orc wizards
  Jessica (D:3)
  4 iguanas
  24 worker ants
  2 killer bee zombies
  3 kobold zombies (Ossuary)
  A felid zombie (Crypt:1)
  3 hound zombies
  2 tengu skeletons
  A hound skeleton (D:5)
  4 mummies (Ossuary)
  3 worker ant zombies
  12 gnolls
  2 howler monkey skeletons (D:4)
  2 scorpion zombies (D:4)
  15 adders
  A steam dragon skeleton (Crypt:1)
  3 shadow imps
  10 white imps (IceCv)
  4 ufetubi (IceCv)
  An ooze (D:3)
  2 adder zombies
  4 adder skeletons
  An oni skeleton (Crypt:2)
  7 worms
  2 dart slugs (D:1)
  4 leopard geckos
  70 orcs
  4 giant cockroaches
  9 goblins
  8 hobgoblins
  4 jackals
  28 kobolds
  2 ball pythons
  5 bats (D:1)
  2 frilled lizards
  3 gnoll zombies (Ossuary)
  A goblin zombie (Ossuary)
  A hobgoblin zombie (Ossuary)
  A kobold simulacrum (Crypt:2)
  An orc zombie (Ossuary)
  A quokka skeleton (D:5)
  9 rats
  2 briar patches (Swamp:2)
  A bush (Lair:3)
  7 fungi
  12 plants
2062 creatures vanquished.

Vanquished Creatures (collateral kills)
  An orb of fire (Zot:5)
  Nikola (Swamp:2)
  An electric golem (Zot:5)
  An Ice Fiend (IceCv)
  An ancient champion (Crypt:1)
  2 sphinxes
  3 draconian monks
  A ghoul (Crypt:1)
  A balrug (Depths:1)
  An orc warlord (Vaults:1)
  A deep elf sorcerer (Elf:3)
  3 draconian shifters
  A very ugly thing (Vaults:1)
  A stone giant (Vaults:2)
  A black sun (Zot:5)
  2 vampire knights (Depths:1)
  A deep elf annihilator (Elf:3)
  A fire dragon (Depths:1)
  A merfolk impaler (Shoals:3)
  A catoblepas (Lair:6)
  2 hydras (D:9)
  A spriggan air mage (Depths:5)
  A merfolk aquamancer (Shoals:3)
  A death yak (Lair:5)
  A death knight (D:9)
  A two-headed ogre (D:11)
  A deep troll shaman (Depths:5)
  8 dancing weapons
  An ironheart beastmaster (Vaults:2)
  3 deep elf knights
  A sun demon (Depths:1)
  A centaur warrior (Vaults:1)
  A storm dragon skeleton (D:12)
  3 skeletal warriors
  A spriggan druid (Swamp:1)
  2 flayed ghosts
  A cyclops (Vaults:1)
  A lindwurm (Lair:3)
  A deep elf archer (Elf:1)
  A wizard (Vaults:2)
  An oklob plant (Zot:2)
  9 deep elf magi
  A merfolk siren (Shoals:3)
  2 cane toads
  A molten gargoyle (Lair:1)
  3 black mambas
  2 yaktaurs
  A freezing wraith (D:10)
  3 merfolk
  A wind drake (Shoals:3)
  A polar bear (Lair:6)
  5 dream sheep
  2 slime creatures
  A harpy skeleton (D:11)
  A snapping turtle (Shoals:3)
  3 hippogriffs
  A hippogriff (shapeshifter) (Vaults:1)
  3 yaks
  3 spriggans (Lair:6)
  A wraith (D:10)
  A water elemental (Shoals:3)
  A vampire mosquito (D:12)
  A swamp worm (Swamp:1)
  2 crocodiles
  3 soldier ants (Lair:6)
  A sky beast (D:11)
  A black bear (Lair:6)
  7 wolves (Lair:6)
  A boggart (Lair:6)
  3 bullfrogs
  A centaur (D:10)
  2 scorpions
  3 wights (D:11)
  2 howler monkeys
  2 jellies
  An orc wizard (D:9)
  3 worker ants (Lair:6)
  A fungus (Lair:6)
  3 plants (Shoals:3)
143 creatures vanquished.

Vanquished Creatures (others)
  A quicksilver dragon (Zot:5)
  A deep elf master archer (Elf:3)
  4 acid blobs
  2 azure jellies (Slime:5)
  A frost giant (Zot:4)
  A fire giant (Slime:5)
  3 stone giants
  A blood saint (Zot:5)
  A very ugly thing (Depths:3)
  A red draconian (Zot:1)
  A white draconian (Zot:1)
  2 yaktaur captains
  5 death oozes (Slime:5)
  A two-headed ogre (Zot:4)
  A deep troll earth mage (Depths:2)
  A death yak (Slime:5)
  A spriggan druid (Swamp:2)
  A gelid demonspawn (Zot:5)
  A deep elf mage (Elf:3)
  An orc sorcerer (Vaults:1)
  5 moths of wrath
  A cane toad (Swamp:3)
  A yaktaur (Depths:5)
  A tyrant leech (Slime:5)
  A slime creature (Swamp:3)
  A swamp worm (Swamp:3)
  2 swamp drakes (Swamp:3)
  A boggart (Swamp:3)
  An orc priest (Orc)
  An orc wizard (Orc)
  3 white imps (IceCv)
  An ufetubus (IceCv)
  36 fungi
  41 plants
127 creatures vanquished.

Grand Total: 2332 creatures vanquished

Notes
Turn   | Place    | Note
-------+----------+-------------------------------------------
     0 | D:1      | Artagas the Hill Orc Spelunker began the quest for the Orb.
     0 | D:1      | Reached XP level 1. HP: 18/18 MP: 3/3
   299 | D:1      | Reached XP level 2. HP: 25/25 MP: 5/5
   342 | D:1      | Reached skill level 3 in Fighting
   904 | D:1      | Reached XP level 3. HP: 29/31 MP: 6/6
  2460 | D:2      | Reached XP level 4. HP: 40/40 MP: 7/7
  2553 | D:2      | Reached skill level 4 in Fighting
  2658 | D:3      | Noticed an ice beast
  3144 | D:3      | HP: 6/40 [poisoned by an orc]
  3147 | D:3      | HP: 2/40 [poisoned by an orc]
  3152 | D:3      | Reached skill level 3 in Evocations
  3157 | D:3      | HP: 6/40 [poisoned by an orc]
  3165 | D:3      | HP: 5/40 [poisoned by an orc]
  3171 | D:3      | HP: 5/40 [poisoned by an orc]
  3177 | D:2      | HP: 4/40 [poisoned by an orc]
  3182 | D:2      | HP: 4/40 [poisoned by an orc]
  3188 | D:2      | HP: 5/40 [poisoned by an orc]
  3194 | D:2      | HP: 6/40 [poisoned by an orc]
  3401 | D:3      | Noticed Jessica
  3596 | D:3      | Killed Jessica
  3597 | D:3      | Reached XP level 5. HP: 37/47 MP: 8/8
  3814 | D:3      | Killed an ice beast
  3815 | D:3      | Reached skill level 5 in Fighting
  3815 | D:3      | Reached skill level 1 in Armour
  3815 | D:3      | Reached XP level 6. HP: 40/56 MP: 9/9
  4109 | D:3      | Found a shattered altar of Ashenzari.
  4161 | D:3      | Reached skill level 2 in Armour
  4348 | D:3      | Reached skill level 3 in Armour
  4691 | D:3      | Reached XP level 7. HP: 61/62 MP: 10/10
  4976 | D:4      | Noticed Eustachio
  5001 | D:4      | Killed Eustachio
  5002 | D:4      | Reached skill level 6 in Fighting
  5104 | D:4      | Found a sand-covered staircase.
  5121 | Ossuary  | Entered an ossuary
  5140 | Ossuary  | Reached skill level 7 in Fighting
  5140 | Ossuary  | Reached XP level 8. HP: 49/73 MP: 11/11
  5504 | D:4      | Reached skill level 1 in Dodging
  5863 | D:4      | Reached skill level 4 in Armour
  5863 | D:4      | Reached skill level 2 in Dodging
  6014 | D:5      | Entered Level 5 of the Dungeon
  6181 | D:5      | Found a staircase to the Ecumenical Temple.
  6194 | Temple   | Entered the Ecumenical Temple
  6295 | Temple   | Became a worshipper of Nemelex Xobeh the Trickster
  6360 | D:5      | Found a glowing golden altar of the Shining One.
  6386 | D:5      | Reached skill level 1 in Invocations
  6515 | D:5      | Noticed Blork the orc
  6557 | D:4      | Reached skill level 2 in Invocations
  6651 | D:5      | Killed Blork the orc
  6652 | D:5      | Reached skill level 3 in Invocations
  6803 | D:5      | Received a gift from Nemelex Xobeh
  6835 | D:5      | Reached skill level 4 in Invocations
  6999 | D:5      | Reached skill level 8 in Fighting
  6999 | D:5      | Reached XP level 9. HP: 67/81 MP: 12/12
  7168 | D:5      | Reached skill level 5 in Invocations
  7477 | D:6      | Reached skill level 6 in Invocations
  7498 | D:6      | Reached skill level 4 in Evocations
  7550 | D:6      | Noticed a troll
  7571 | D:5      | Killed a troll
  7572 | D:5      | Reached skill level 5 in Evocations
  7641 | D:6      | Reached skill level 1 in Shields
  7697 | D:6      | Found a bloodstained altar of Trog.
  7714 | D:6      | Reached skill level 2 in Shields
  7772 | D:6      | Reached skill level 3 in Shields
  7894 | D:6      | Noticed a troll
  7924 | D:5      | Killed a troll
  7925 | D:5      | Reached skill level 4 in Shields
  8170 | D:6      | Reached skill level 5 in Shields
  8264 | D:6      | Found a shimmering blue altar of Sif Muna.
  8293 | D:6      | Found a basalt altar of Yredelemnul.
  8440 | D:6      | Found an ornate altar of the Wu Jian Council.
  8550 | D:6      | Noticed a centaur warrior
  8679 | D:7      | Reached * piety under Nemelex Xobeh
  8698 | D:7      | Reached XP level 10. HP: 66/90 MP: 14/14
  8712 | D:7      | Reached skill level 9 in Fighting
  8898 | D:7      | Reached skill level 6 in Shields
  9215 | D:7      | Received a gift from Nemelex Xobeh
  9403 | D:7      | Found a staircase to the Lair.
  9450 | D:7      | Reached skill level 10 in Fighting
  9739 | D:7      | Found a sacrificial altar of Ru.
  9920 | D:7      | Found a hide-covered altar of Uskayaw.
 10213 | D:8      | Received a gift from Nemelex Xobeh
 10264 | D:8      | Found a glowing silver altar of Zin.
 10280 | D:8      | Found an iron altar of Okawaru.
 10291 | D:8      | Found a white marble altar of Elyvilon.
 10498 | D:8      | Reached skill level 5 in Armour
 10564 | D:8      | Reached skill level 7 in Shields
 10577 | D:8      | Identified the Papyrus of Sinister Magic and Talismans
 10613 | D:8      | Reached ** piety under Nemelex Xobeh
 11028 | Lair:1   | Entered Level 1 of the Lair of Beasts
 11205 | Lair:1   | Noticed Grum
 11225 | Lair:1   | Reached skill level 7 in Invocations
 11246 | Lair:1   | Noticed a molten gargoyle
 11311 | Lair:1   | Killed Grum
 11328 | Lair:1   | Reached XP level 11. HP: 74/101 MP: 16/16
 11511 | Lair:1   | Reached skill level 8 in Invocations
 11873 | Lair:1   | Got a heavily runed pewter amulet
 11880 | Lair:1   | Identified the cursed amulet "Vizuat" {Inacc *Contam rPois
                  | Dex+3} (You found it on level 1 of the Lair of Beasts)
 12368 | Lair:2   | Received a gift from Nemelex Xobeh
 12400 | Lair:2   | Reached skill level 11 in Fighting
 12699 | Lair:1   | Reached skill level 9 in Invocations
 12905 | Lair:2   | Reached *** piety under Nemelex Xobeh
 12905 | Lair:2   | Received a gift from Nemelex Xobeh
 12974 | Lair:1   | Identified the +0 hand axe "Globulus" {flame, rElec rPois}
 13390 | Lair:2   | Reached skill level 10 in Invocations
 13815 | Lair:2   | Killed an unseen horror
 14176 | Lair:3   | Reached skill level 12 in Fighting
 14193 | Lair:3   | Received a gift from Nemelex Xobeh
 14206 | Lair:3   | Noticed a lindwurm
 14218 | Lair:3   | Killed a lindwurm
 14219 | Lair:3   | Reached XP level 12. HP: 58/112 MP: 19/19
 14577 | Lair:3   | Received a gift from Nemelex Xobeh
 14956 | Lair:3   | Reached **** piety under Nemelex Xobeh
 15233 | Lair:3   | Received a gift from Nemelex Xobeh
 15573 | Lair:4   | Found a runed translucent door.
 15573 | Lair:4   | Noticed Ceyroiss's ghost (journeyman HuWn)
 15593 | Lair:4   | Reached skill level 13 in Fighting
 15777 | Lair:4   | Reached skill level 6 in Armour
 15878 | Lair:4   | Reached skill level 8 in Shields
 16143 | Lair:4   | Found a staircase to the Shoals.
 16153 | Lair:4   | Found a staircase to the Swamp.
 16704 | Lair:5   | Reached skill level 11 in Invocations
 16713 | Lair:5   | Received a gift from Nemelex Xobeh
 16811 | Lair:5   | Noticed a death yak
 16812 | Lair:5   | Noticed a death yak
 16812 | Lair:5   | Noticed a death yak
 16821 | Lair:5   | Killed a death yak
 16824 | Lair:5   | Killed a death yak
 16827 | Lair:5   | Killed a death yak
 16828 | Lair:5   | Reached XP level 13. HP: 98/123 MP: 18/21
 17016 | Lair:5   | Reached skill level 14 in Fighting
 17123 | Lair:5   | Received a gift from Nemelex Xobeh
 17322 | Lair:5   | Reached skill level 6 in Evocations
 17376 | Lair:5   | Found a staircase to the Elven Halls.
 18021 | D:9      | Received a gift from Nemelex Xobeh
 18035 | D:9      | Reached skill level 7 in Evocations
 18133 | D:9      | Found Henoatel's Gadget Shop.
 18190 | D:9      | Bought a wand of scattershot (7) for 288 gold pieces
 18341 | D:9      | Found a staircase to the Orcish Mines.
 18598 | D:9      | Reached ***** piety under Nemelex Xobeh
 18614 | D:9      | Reached skill level 12 in Invocations
 18988 | D:9      | Found a glowing golden altar of the Shining One.
 19061 | D:10     | Entered Level 10 of the Dungeon
 19068 | D:10     | Received a gift from Nemelex Xobeh
 20002 | D:10     | Received a gift from Nemelex Xobeh
 20017 | D:10     | Reached skill level 7 in Armour
 20814 | Lair:6   | Entered Level 6 of the Lair of Beasts
 20835 | Lair:6   | Reached skill level 1 in Slings
 20835 | Lair:6   | Reached skill level 9 in Shields
 20872 | Lair:6   | Noticed an entropy weaver
 20874 | Lair:6   | Noticed an entropy weaver
 21246 | Lair:6   | Reached skill level 2 in Slings
 21258 | Lair:6   | Reached XP level 14. HP: 97/133 MP: 23/23
 21437 | Lair:6   | Received a gift from Nemelex Xobeh
 21514 | Lair:6   | an entropy weaver changed into a tyrant leech
 21526 | Lair:6   | Reached skill level 8 in Armour
 21559 | Lair:6   | Reached skill level 3 in Slings
 21567 | Lair:6   | Killed an entropy weaver
 21899 | Lair:6   | Reached skill level 4 in Slings
 22328 | Lair:6   | Received a gift from Nemelex Xobeh
 22404 | Lair:6   | Reached skill level 5 in Slings
 22634 | Lair:6   | Identified the Papyrus of Burning Air
 23105 | D:11     | Reached skill level 15 in Fighting
 23138 | D:11     | Reached skill level 6 in Slings
 23154 | D:11     | Noticed Kirke
 23251 | D:11     | Killed Kirke
 23521 | D:11     | Found the cursed necklace of Bloodlust {Rage *Rage MR++
                  | Int-3 Slay+6 *Curse}
 23642 | D:11     | Noticed Maurice
 23656 | D:11     | Killed Maurice
 23787 | D:11     | Reached skill level 9 in Armour
 23836 | D:11     | Found Weh Enk's Specialty Armours.
 23970 | D:12     | Entered Level 12 of the Dungeon
 24126 | D:12     | Reached skill level 13 in Invocations
 24256 | D:12     | Found a runed translucent gate.
 24256 | D:12     | Found a runed translucent gate.
 24256 | D:12     | Noticed Lazarus1551's ghost (adept OnIE)
 24257 | D:12     | Found a runed translucent gate.
 24261 | D:12     | Found a viscous altar of Jiyva.
 24285 | D:12     | Reached skill level 10 in Armour
 24978 | D:12     | Reached XP level 15. HP: 141/141 MP: 24/24
 25031 | D:12     | Found an ornate altar of the Wu Jian Council.
 25266 | D:12     | Received a gift from Nemelex Xobeh
 25479 | D:12     | Found a gate to the Vaults.
 25907 | Orc      | Entered the Orcish Mines
 25955 | Orc      | Found Viemytio's Gadget Boutique.
 25969 | Orc      | Reached skill level 16 in Fighting
 26041 | Orc      | Bought a wand of clouds (2) for 126 gold pieces
 26127 | Orc      | Found a staircase to the Slime Pits.
 26127 | Orc      | Found a viscous altar of Jiyva.
 26249 | Orc      | Reached ****** piety under Nemelex Xobeh
 26553 | Orc      | Reached skill level 11 in Armour
 26720 | Orc      | Found Ulaed's General Store.
 26720 | Orc      | Received a gift from Nemelex Xobeh
 26720 | Orc      | Found Ishroexu's Jewellery Emporium.
 26721 | Orc      | Found Samem's Magic Scroll Shoppe.
 26725 | Orc      | Found Hobupewy's Antique Weapon Shoppe.
 26757 | Orc      | Bought a scroll of fear for 70 gold pieces
 26759 | Orc      | Bought a potion of curing for 32 gold pieces
 27104 | Orc      | Bought a scroll of enchant armour for 97 gold pieces
 27104 | Orc      | Bought a scroll of enchant armour for 97 gold pieces
 27384 | Swamp:1  | Entered Level 1 of the Swamp
 27493 | Swamp:1  | Reached skill level 12 in Armour
 27946 | Swamp:1  | Reached skill level 10 in Shields
 28136 | Swamp:1  | Received a gift from Nemelex Xobeh
 28328 | Swamp:1  | Reached skill level 7 in Slings
 28685 | Swamp:1  | Reached XP level 16. HP: 151/151 MP: 25/25
 29451 | Swamp:2  | Reached skill level 8 in Slings
 29584 | Swamp:2  | Noticed Nikola
 30061 | Swamp:2  | Noticed a thorn hunter
 30074 | Swamp:2  | Killed a thorn hunter
 30543 | Orc      | Bought an uncursed ring of flight for 289 gold pieces
 30814 | Shoals:1 | Entered Level 1 of the Shoals
 30814 | Shoals:1 | Received a gift from Nemelex Xobeh
 31052 | Shoals:1 | Reached skill level 11 in Shields
 31074 | Shoals:1 | Reached skill level 13 in Armour
 31121 | Shoals:1 | Found Jeroin's Armour Emporium.
 31939 | Shoals:1 | Reached skill level 14 in Invocations
 32131 | Shoals:1 | Received a gift from Nemelex Xobeh
 32601 | Shoals:2 | Found Dujia's Island Escapes.
 32606 | Shoals:2 | Received a gift from Nemelex Xobeh
 32609 | Shoals:2 | Bought a scroll of fog for 36 gold pieces
 32609 | Shoals:2 | Bought a scroll of teleportation for 54 gold pieces
 32609 | Shoals:2 | Bought a scroll of fog for 36 gold pieces
 32609 | Shoals:2 | Bought a scroll of teleportation for 54 gold pieces
 32609 | Shoals:2 | Bought a scroll of teleportation for 54 gold pieces
 32609 | Shoals:2 | Bought a scroll of blinking for 135 gold pieces
 32673 | Shoals:2 | Noticed Jorgrun
 32678 | Shoals:2 | Killed Jorgrun
 33059 | Shoals:2 | Noticed Roxanne
 33480 | Shoals:3 | Entered Level 3 of the Shoals
 33763 | Shoals:3 | Reached XP level 17. HP: 157/160 MP: 27/27
 34274 | Shoals:3 | Received a gift from Nemelex Xobeh
 34489 | Shoals:3 | Reached skill level 17 in Fighting
 34539 | Shoals:3 | Found Atudd's Distillery.
 34547 | Shoals:3 | Bought a potion of heal wounds for 90 gold pieces
 34547 | Shoals:3 | Bought a potion of heal wounds for 90 gold pieces
 34547 | Shoals:3 | Bought a potion of heal wounds for 90 gold pieces
 34547 | Shoals:3 | Bought a potion of resistance for 180 gold pieces
 34547 | Shoals:3 | Bought a potion of curing for 45 gold pieces
 34547 | Shoals:3 | Bought a potion of curing for 45 gold pieces
 34547 | Shoals:3 | Bought a potion of curing for 45 gold pieces
 34760 | Shoals:3 | Reached skill level 9 in Slings
 35103 | Shoals:3 | Received a gift from Nemelex Xobeh
 35446 | Shoals:3 | Got a barnacled rune of Zot
 35688 | Shoals:3 | Reached skill level 10 in Slings
 35892 | Shoals:3 | Received a gift from Nemelex Xobeh
 37132 | Elf:1    | Entered Level 1 of the Elven Halls
 37559 | Elf:1    | Found a huge runed gate.
 37559 | Elf:1    | Found a huge runed gate.
 37559 | Elf:1    | Found a huge runed gate.
 37560 | Elf:1    | Found a huge runed gate.
 37560 | Elf:1    | Found a huge runed gate.
 37565 | Elf:1    | Found a huge runed gate.
 37566 | Elf:1    | Found a huge runed gate.
 37571 | Elf:1    | Found a huge runed gate.
 37572 | Elf:1    | Found a huge runed gate.
 37572 | Elf:1    | Found a huge runed gate.
 37573 | Elf:1    | Found a huge runed gate.
 37573 | Elf:1    | Found a huge runed gate.
 37627 | Elf:1    | Found a huge runed gate.
 37627 | Elf:1    | Found a huge runed gate.
 37628 | Elf:1    | Found a huge runed gate.
 37628 | Elf:1    | Found a huge runed gate.
 37630 | Elf:1    | Found a huge runed gate.
 37646 | Elf:1    | Reached skill level 14 in Armour
 37908 | Elf:1    | Identified the +11 spear of Lefenif {pain, Fragile rN+ MR+
                  | Str+4}
 37990 | Elf:1    | Received a gift from Nemelex Xobeh
 38603 | Shoals:3 | Found Atudd's Distillery.
 38949 | Swamp:2  | Killed Nikola
 39515 | Swamp:2  | Noticed a wendigo
 39531 | Swamp:2  | Killed a wendigo
 39717 | Swamp:3  | Entered Level 3 of the Swamp
 39845 | Swamp:3  | Received a gift from Nemelex Xobeh
 39969 | Swamp:3  | Reached XP level 18. HP: 150/171 MP: 28/28
 39990 | Swamp:3  | Reached skill level 18 in Fighting
 40014 | Swamp:2  | Reached skill level 3 in Dodging
 40350 | D:9      | Bought a wand of iceblast (11) for 216 gold pieces
 40674 | Swamp:2  | Reached skill level 4 in Dodging
 41247 | Swamp:3  | Reached skill level 5 in Dodging
 41470 | Swamp:3  | Reached skill level 6 in Dodging
 41678 | Swamp:3  | Got a decaying rune of Zot
 41710 | Swamp:3  | Received a gift from Nemelex Xobeh
 42090 | D:6      | Identified the cursed +1 falchion of Demonkind {vamp, MR-
                  | Str+4 Int+4}
 42463 | Elf:1    | Found a huge runed gate.
 42463 | Elf:1    | Found a huge runed gate.
 42464 | Elf:1    | Found a huge runed gate.
 42842 | Elf:1    | Found a huge runed gate.
 42842 | Elf:1    | Found a huge runed gate.
 42842 | Elf:1    | Found a huge runed gate.
 42843 | Elf:1    | Found a huge runed gate.
 42844 | Elf:1    | Found a huge runed gate.
 43180 | Elf:2    | Received a gift from Nemelex Xobeh
 43214 | Elf:2    | Found a frozen archway.
 43228 | IceCv    | Entered an ice cave
 43460 | IceCv    | Reached skill level 15 in Invocations
 43510 | IceCv    | Identified the +2 hat "Teenun" {rN+}
 43854 | IceCv    | Noticed an Ice Fiend
 43858 | IceCv    | Killed an Ice Fiend
 44049 | IceCv    | Identified the cursed +1 demon blade "Abeidwif" {vamp,
                  | *Noise rF+ Int+4}
 44179 | Elf:2    | Identified the +6 hand axe "Orb Guardian's Foe" {drain,
                  | rC+}
 44377 | Elf:2    | Found a runed translucent gate.
 44377 | Elf:2    | Found a runed translucent gate.
 44377 | Elf:2    | Noticed a tentacled monstrosity
 44377 | Elf:2    | Noticed a tentacled monstrosity
 44378 | Elf:2    | Found a runed translucent gate.
 44378 | Elf:2    | Noticed a tentacled monstrosity
 44493 | Elf:2    | Found a runed gate.
 44493 | Elf:2    | Found a runed gate.
 44493 | Elf:2    | Found a runed gate.
 44742 | Elf:2    | Received a gift from Nemelex Xobeh
 44904 | Elf:2    | Reached skill level 11 in Slings
 45245 | Elf:2    | Reached skill level 16 in Invocations
 45631 | Elf:2    | Reached XP level 19. HP: 179/179 MP: 31/31
 46197 | Elf:2    | Reached skill level 12 in Slings
 47095 | D:12     | Found a staircase to the Depths.
 47250 | Vaults:1 | Entered Level 1 of the Vaults
 47259 | Vaults:1 | Found Netydous's Food Boutique.
 47865 | Vaults:1 | Received a gift from Nemelex Xobeh
 48271 | Vaults:1 | Reached skill level 7 in Dodging
 48453 | Vaults:1 | Found a snail-covered altar of Cheibriados.
 48476 | Vaults:1 | Received a gift from Nemelex Xobeh
 48635 | Vaults:1 | Reached skill level 12 in Shields
 49030 | Vaults:1 | Reached skill level 15 in Armour
 49352 | Vaults:1 | Reached skill level 8 in Dodging
 49719 | Vaults:2 | Found a flickering gateway to a bazaar.
 49733 | Bazaar   | Entered a bazaar
 49734 | Bazaar   | Found Oneytef's Armour Shop.
 49743 | Bazaar   | Found Viac's Magic Scroll Shop.
 49748 | Bazaar   | Found Woqirchuc's Book Shop.
 49772 | Bazaar   | Found Rexkeugg's Antique Weapon Shop.
 49813 | Bazaar   | Bought a +1 pair of boots for 80 gold pieces
 49833 | Bazaar   | Bought a scroll of teleportation for 36 gold pieces
 49833 | Bazaar   | Bought a scroll of teleportation for 36 gold pieces
 49833 | Bazaar   | Bought a scroll of enchant armour for 90 gold pieces
 49833 | Bazaar   | Bought a scroll of teleportation for 36 gold pieces
 49833 | Bazaar   | Bought a scroll of teleportation for 36 gold pieces
 51032 | Vaults:2 | Reached XP level 20. HP: 156/187 MP: 32/32
 51052 | Vaults:2 | Reached skill level 16 in Armour
 51322 | Vaults:2 | Identified the +9 plate armour of Demons {Dex+4}
 51335 | Vaults:2 | Received a gift from Nemelex Xobeh
 51394 | Vaults:2 | Found a staircase to the Crypt.
 51394 | Vaults:2 | Found a basalt altar of Yredelemnul.
 51394 | Vaults:2 | Found an ancient bone altar of Kikubaaqudgha.
 51480 | Vaults:2 | Reached skill level 8 in Evocations
 51717 | Vaults:2 | Reached skill level 9 in Evocations
 52088 | Vaults:2 | Reached skill level 13 in Shields
 52235 | Vaults:2 | Received a gift from Nemelex Xobeh
 53921 | Orc      | Bought a scroll of enchant armour for 105 gold pieces
 53921 | Orc      | Bought a scroll of enchant armour for 105 gold pieces
 53923 | Orc      | Bought a scroll of enchant armour for 97 gold pieces
 54096 | Depths:1 | Entered Level 1 of the Depths
 54843 | Depths:1 | Received a gift from Nemelex Xobeh
 55168 | Depths:1 | Found a gateway to Hell.
 55638 | Depths:1 | Reached skill level 13 in Slings
 55639 | Depths:1 | Identified the +0 quarterstaff of the Land of Plenty
                  | {drain, *Rage rN+ Str+5}
 55726 | Depths:1 | Reached skill level 14 in Shields
 55733 | Depths:1 | Paralysed by a vampire knight for 2 turns
 55741 | Depths:1 | Paralysed by something for 3 turns
 55866 | Depths:1 | Found the +10 Vampire's Tooth {vamp}
 56239 | Depths:2 | Noticed Louise
 56394 | Depths:2 | Killed Louise
 56724 | Depths:2 | Found a one-way gate to the infinite horrors of the Abyss.
 56832 | Depths:2 | Reached XP level 21. HP: 174/194 MP: 33/33
 57019 | Depths:1 | Reached skill level 15 in Shields
 57183 | Crypt:1  | Entered Level 1 of the Crypt
 57376 | Crypt:1  | Identified the cursed +1 ring mail of Lifelessness {rElec
                  | rC+++ rCorr Dex-2}
 57569 | Crypt:1  | Received a gift from Nemelex Xobeh
 57633 | Crypt:1  | Identified the +2 large shield of Hepliaklqana's Anger
                  | {rCorr Str+2 Int+2}
 57659 | Crypt:2  | Entered Level 2 of the Crypt
 57891 | Crypt:2  | Identified the +9 short sword of Inconvenience {drain,
                  | rElec Dex+5}
 57961 | Crypt:2  | Reached skill level 17 in Invocations
 58719 | Crypt:1  | Received a gift from Nemelex Xobeh
 58900 | Crypt:2  | Found a staircase to the Tomb.
 58936 | Crypt:1  | Reached skill level 17 in Armour
 59542 | Crypt:2  | Reached skill level 10 in Evocations
 60139 | Depths:2 | Reached skill level 18 in Invocations
 60679 | Depths:2 | Received a gift from Nemelex Xobeh
 60709 | Depths:2 | Noticed a rockslime
 60758 | Depths:2 | Killed a rockslime
 61433 | Depths:2 | Reached XP level 22. HP: 199/202 MP: 35/35
 61479 | Depths:2 | Reached skill level 16 in Shields
 61756 | Depths:2 | Reached skill level 14 in Slings
 61886 | Depths:2 | Identified the +8 chain mail of the Moon {rPois rC+ Str+3}
 62220 | Depths:3 | Identified the ring of Iblef {+Inv rPois Dex-2 Stlth--}
 62412 | Depths:3 | Noticed a juggernaut
 62417 | Depths:2 | Reached skill level 15 in Slings
 63025 | Crypt:2  | HP: 27/202 [??? (19)]
 63705 | Crypt:2  | Paralysed by something for 2 turns
 63951 | Crypt:2  | Reached skill level 16 in Slings
 64955 | Crypt:2  | Identified the +3 plate armour of the Boiling Point {Int+2
                  | Slay+3}
 64955 | Crypt:2  | Identified the ring of Gigipsog {rElec rN+ Int+4 Stlth+}
 65582 | Crypt:2  | Reached skill level 19 in Invocations
 65819 | Crypt:2  | Reached XP level 23. HP: 209/209 MP: 36/36
 65909 | Crypt:2  | Received a gift from Nemelex Xobeh
 66727 | Crypt:2  | Reached skill level 11 in Evocations
 66932 | Crypt:2  | Identified the Incunabulum of Curses
 66953 | Crypt:2  | Identified the amulet of Tiajuse Risk {Regen +Fly rPois
                  | Str-3 Stlth+}
 67005 | Crypt:2  | Identified the Reference Book on Darkness
 67601 | Elf:3    | Entered Level 3 of the Elven Halls
 68071 | Elf:3    | Found Japegoul's Antique Armour Shoppe.
 68075 | Elf:3    | Bought a pair of runed boots for 285 gold pieces
 68131 | Elf:3    | Found Bobb's Magic Scroll Shoppe.
 68145 | Elf:3    | Bought a scroll of acquirement for 780 gold pieces
 68145 | Elf:3    | Bought a scroll of teleportation for 45 gold pieces
 68145 | Elf:3    | Bought a scroll of teleportation for 45 gold pieces
 68145 | Elf:3    | Identified the +6 large shield of Mental Paralysis {Dex+4}
                  | (You acquired it on level 3 of the Elven Halls)
 68209 | Elf:3    | Received a gift from Nemelex Xobeh
 69557 | Elf:3    | Identified the +7 mace of the Asp {protect, rF+}
 69893 | Elf:3    | Identified the +11 mace of Toskod {vamp, Int+4}
 70049 | Elf:3    | Identified the +9 hand axe "Puacois" {holy, rPois MP+9}
 70196 | Elf:3    | Identified the amulet of Quzxian {Spirit rF+++}
 70239 | Elf:3    | Identified the +6 halberd of Buvav {freeze, rElec Int+2
                  | Dex+4}
 70497 | Elf:3    | Identified the ring "Wuzuisuf" {*Slow rN+ MR+ MP+9 Str+6}
 71121 | Elf:3    | Found the cursed +6 arbalest "Damnation" {hellfire, *Curse}
 71555 | Depths:3 | Noticed an ancient lich
 71610 | Depths:2 | Reached skill level 19 in Fighting
 71998 | Depths:3 | Identified the +6 faerie dragon scales {rElec MR++ rCorr
                  | Str-4 Slay+3}
 71998 | Depths:3 | Noticed the Enchantress
 72028 | Depths:2 | Killed the Enchantress
 72028 | Depths:2 | Killed a juggernaut
 72599 | Depths:3 | Reached XP level 24. HP: 137/221 MP: 36/36
 72600 | Depths:3 | Reached skill level 17 in Shields
 72602 | Depths:3 | Reached skill level 18 in Armour
 73510 | Depths:3 | Reached skill level 20 in Invocations
 73972 | Depths:3 | Killed an ancient lich
 74341 | Depths:3 | Found a gateway to a ziggurat.
 74342 | Depths:3 | Found a one-way gate leading to the halls of Pandemonium.
 74616 | Depths:3 | Reached skill level 21 in Invocations
 74805 | Depths:3 | Received a gift from Nemelex Xobeh
 75037 | Depths:3 | Identified the Guide on Sinister Rites and Curses
 75340 | Depths:3 | Identified Cigotuvi's Papyrus of Sinister Arts
 76215 | Depths:4 | Found an iron altar of Okawaru.
 76246 | Depths:4 | Received a gift from Nemelex Xobeh
 76389 | Depths:4 | Reached skill level 22 in Invocations
 76467 | Depths:4 | Noticed a juggernaut
 76479 | Depths:4 | Killed a juggernaut
 76755 | Depths:4 | Noticed a Killer Klown
 76770 | Depths:4 | Killed a Killer Klown
 76855 | Depths:4 | Noticed a Killer Klown
 76861 | Depths:4 | Reached skill level 19 in Armour
 77027 | Depths:4 | Killed a Killer Klown
 77194 | Depths:4 | Identified the +8 great sword "Udyeg" {slice, *Noise MP+9
                  | SInv Stlth+}
 77202 | Depths:4 | Reached XP level 25. HP: 187/227 MP: 38/38
 77456 | Depths:5 | Entered Level 5 of the Depths
 77465 | Depths:5 | Received a gift from Nemelex Xobeh
 77820 | Depths:5 | Reached skill level 18 in Shields
 77879 | Depths:5 | Noticed a golden dragon
 77934 | Depths:5 | Killed a golden dragon
 78474 | Depths:5 | Received a gift from Nemelex Xobeh
 78543 | Depths:5 | Noticed a golden dragon
 78566 | Depths:5 | Killed a golden dragon
 79264 | Depths:5 | Noticed a golden dragon
 79275 | Depths:5 | Killed a golden dragon
 79295 | Depths:5 | Found a gate to the Realm of Zot.
 79897 | D:12     | Killed Lazarus1551's ghost
 80179 | Slime:1  | Entered Level 1 of the Pits of Slime
 80179 | Slime:1  | Received a gift from Nemelex Xobeh
 80823 | Slime:1  | Reached skill level 12 in Evocations
 81189 | Slime:3  | Received a gift from Nemelex Xobeh
 81550 | Slime:5  | Entered Level 5 of the Pits of Slime
 82166 | Slime:5  | Found the ring of Phasing {EV+8}
 82571 | Slime:5  | Noticed the Royal Jelly
 83061 | Slime:5  | Reached skill level 20 in Fighting
 83527 | Slime:5  | Reached skill level 13 in Evocations
 84204 | Slime:5  | Found a viscous altar of Jiyva.
 84263 | Slime:5  | Noticed a shard shrike shaped Royal Jelly
 84263 | Slime:5  | the Royal Jelly changed into a shard shrike shaped Royal
                  | Jelly
 84265 | Slime:5  | Killed a shard shrike shaped Royal Jelly
 84380 | Slime:5  | Got a slimy rune of Zot
 84405 | Slime:5  | Identified the +7 halberd of the Unliving {distort, rPois
                  | Int+4 Stlth+}
 84410 | Slime:5  | Identified the cursed +1 longbow of Regicide {seek, MR+
                  | Str+2 Dex+3}
 84433 | Slime:5  | Identified Vuega's Grimoire of Frigorific Beguiling
 84448 | Slime:5  | Identified the Reference Book on Mutagenic Flight
 84478 | Slime:5  | Identified the +1 robe of Ampuj {rElec rF+ rCorr}
 84483 | Slime:5  | Identified the cursed ring "Sosh" {MR+ AC-2 Int+10 Slay-6}
 84551 | Slime:1  | Received a gift from Nemelex Xobeh
 84986 | Elf:3    | Bought a shiny large shield for 285 gold pieces
 86624 | Shoals:1 | Bought a +0 pair of gloves of dexterity for 138 gold pieces
 87073 | Orc      | Bought a box of beasts for 280 gold pieces
 87073 | Orc      | Bought a wand of acid (7) for 224 gold pieces
 87073 | Orc      | Bought a wand of paralysis (8) for 126 gold pieces
 87073 | Orc      | Bought a wand of digging (9) for 280 gold pieces
 87073 | Orc      | Bought a wand of charming (4) for 70 gold pieces
 87371 | Zot:1    | Entered Level 1 of the Realm of Zot
 88010 | Zot:1    | Reached XP level 26. HP: 239/239 MP: 38/38
 88185 | Zot:1    | Received a gift from Nemelex Xobeh
 88596 | Zot:1    | Reached skill level 9 in Dodging
 88718 | Zot:2    | Noticed a golden dragon
 88731 | Zot:2    | Reached skill level 23 in Invocations
 88933 | Zot:2    | Reached skill level 10 in Dodging
 89500 | Vaults:1 | Bought a ration for 60 gold pieces
 89500 | Vaults:1 | Bought a ration for 60 gold pieces
 89500 | Vaults:1 | Bought a ration for 60 gold pieces
 89500 | Vaults:1 | Bought a ration for 60 gold pieces
 89500 | Vaults:1 | Bought a ration for 60 gold pieces
 89500 | Vaults:1 | Bought a ration for 60 gold pieces
 89500 | Vaults:1 | Bought a ration for 60 gold pieces
 89500 | Vaults:1 | Bought a ration for 60 gold pieces
 89500 | Vaults:1 | Bought a ration for 60 gold pieces
 89500 | Vaults:1 | Bought a ration for 60 gold pieces
 89500 | Vaults:1 | Bought a ration for 60 gold pieces
 89500 | Vaults:1 | Bought a ration for 60 gold pieces
 90242 | Zot:1    | Reached skill level 11 in Dodging
 90558 | Zot:2    | Killed a golden dragon
 90682 | Zot:2    | Reached skill level 12 in Dodging
 91494 | Zot:4    | Reached skill level 24 in Invocations
 91955 | Zot:4    | Reached XP level 27. HP: 246/246 MP: 39/39
 92167 | Zot:5    | Entered Level 5 of the Realm of Zot
 92168 | Zot:5    | Noticed a golden dragon
 92182 | Zot:5    | Killed a golden dragon
 92236 | Zot:5    | Received a gift from Nemelex Xobeh
 92281 | Zot:5    | Noticed a golden dragon
 92288 | Zot:5    | Killed a golden dragon
 92289 | Zot:5    | Reached skill level 25 in Invocations
 93048 | Zot:5    | Noticed an orb of fire
 93064 | Zot:5    | Gained mutation: Armour fits poorly on your strangely
                  | shaped body. [an orb of fire]
 93065 | Zot:5    | Gained mutation: You are clumsy. (Dex -2) [an orb of fire]
 93068 | Zot:5    | Gained mutation: Potions are less effective at restoring
                  | your health. [an orb of fire]
 93072 | Zot:5    | Gained mutation: You are occasionally teleported next to
                  | monsters. [an orb of fire]
 93080 | Zot:5    | Killed an orb of fire
 93081 | Zot:5    | Lost mutation: Armour fits poorly on your strangely shaped
                  | body. [potion of mutation]
 93081 | Zot:5    | Lost mutation: You are clumsy. (Dex -2) [potion of
                  | mutation]
 93081 | Zot:5    | Lost mutation: Potions are less effective at restoring your
                  | health. [potion of mutation]
 93081 | Zot:5    | Gained mutation: You can translocate small distances at
                  | will. [potion of mutation]
 93081 | Zot:5    | Gained mutation: Your skin changes colour to match your
                  | surroundings (Stealth+). [potion of mutation]
 93082 | Zot:5    | Lost mutation: You are occasionally teleported next to
                  | monsters. [potion of mutation]
 93082 | Zot:5    | Lost mutation: You can translocate small distances at will.
                  | [potion of mutation]
 93082 | Zot:5    | Gained mutation: You expend magic power (3 MP) to
                  | strengthen your wands. [potion of mutation]
 93082 | Zot:5    | Gained mutation: You are agile. (Dex +2) [potion of
                  | mutation]
 93150 | Zot:5    | Noticed an orb of fire
 93169 | Zot:5    | Killed an orb of fire
 93170 | Zot:5    | Reached skill level 26 in Invocations
 93578 | Zot:5    | Noticed an orb of fire
 93579 | Zot:5    | Noticed an orb of fire
 93579 | Zot:5    | Gained mutation: Your body sometimes deteriorates upon
                  | taking damage. [an orb of fire]
 93582 | Zot:5    | Gained mutation: You are weak. (Str -2) [an orb of fire]
 93589 | Zot:5    | Gained mutation: Armour fits poorly on your strangely
                  | shaped body. [an orb of fire]
 93591 | Zot:5    | Gained mutation: Your body often deteriorates upon taking
                  | damage. [an orb of fire]
 93593 | Zot:5    | Killed an orb of fire
 93597 | Zot:5    | Gained mutation: Your magical capacity is low. (-10% MP)
                  | [an orb of fire]
 93604 | Zot:5    | Killed an orb of fire
 93868 | Zot:5    | Reached skill level 27 in Invocations
 93989 | Zot:5    | Noticed a Killer Klown
 94002 | Zot:5    | Killed a Killer Klown
 94020 | Zot:5    | Noticed an orb of fire
 94025 | Zot:5    | Gained mutation: Your spells are a little easier to cast,
                  | but a little less powerful. [an orb of fire]
 94030 | Zot:5    | Gained mutation: Potions are less effective at restoring
                  | your health. [an orb of fire]
 94036 | Zot:5    | Gained mutation: Your spells are easier to cast, but less
                  | powerful. [an orb of fire]
 94037 | Zot:5    | Gained mutation: You have a pair of small horns on your
                  | head. [an orb of fire]
 94040 | Zot:5    | Killed an orb of fire
 94532 | Zot:5    | Noticed a Killer Klown
 94544 | Zot:5    | Killed a Killer Klown
 94588 | Zot:5    | Noticed an orb of fire
 94594 | Zot:5    | Gained mutation: You are extremely frail. (-30% HP) [an orb
                  | of fire]
 94595 | Zot:5    | Noticed an orb of fire
 94597 | Zot:5    | Gained mutation: You are very weak. (Str -4) [an orb of
                  | fire]
 94600 | Zot:5    | Gained mutation: Your spells are much easier to cast, but
                  | much less powerful. [an orb of fire]
 94601 | Zot:5    | Lost mutation: You are agile. (Dex +2) [an orb of fire]
 94607 | Zot:5    | Killed an orb of fire
 94608 | Zot:5    | Gained mutation: You are occasionally teleported next to
                  | monsters. [an orb of fire]
 94616 | Zot:5    | Gained mutation: You tend to lose your temper in combat.
                  | [an orb of fire]
 94617 | Zot:5    | Killed an orb of fire
 94653 | Zot:5    | Lost mutation: Your skin changes colour to match your
                  | surroundings (Stealth+). [potion of mutation]
 94653 | Zot:5    | Lost mutation: Armour fits poorly on your strangely shaped
                  | body. [potion of mutation]
 94653 | Zot:5    | Lost mutation: You expend magic power (3 MP) to strengthen
                  | your wands. [potion of mutation]
 94653 | Zot:5    | Lost mutation: You are very frail. (-20% HP) [potion of
                  | mutation]
 94653 | Zot:5    | Gained mutation: You have a pair of horns on your head.
                  | [potion of mutation]
 94654 | Zot:5    | Lost mutation: You have a pair of horns on your head.
                  | [potion of mutation]
 94654 | Zot:5    | Lost mutation: Your body often deteriorates upon taking
                  | damage. [potion of mutation]
 94654 | Zot:5    | Lost mutation: You are occasionally teleported next to
                  | monsters. [potion of mutation]
 94654 | Zot:5    | Lost mutation: Your body sometimes deteriorates upon taking
                  | damage. [potion of mutation]
 94654 | Zot:5    | Lost mutation: Your magical capacity is low. (-10% MP)
                  | [potion of mutation]
 94654 | Zot:5    | Gained mutation: You have large cloven feet. [potion of
                  | mutation]
 94655 | Zot:5    | Lost mutation: You have a pair of small horns on your head.
                  | [potion of mutation]
 94655 | Zot:5    | Lost mutation: You are very weak. (Str -4) [potion of
                  | mutation]
 94655 | Zot:5    | Lost mutation: You are weak. (Str -2) [potion of mutation]
 94655 | Zot:5    | Lost mutation: You have large cloven feet. [potion of
                  | mutation]
 94655 | Zot:5    | Gained mutation: You are dopey. (Int -2) [potion of
                  | mutation]
 94655 | Zot:5    | Gained mutation: You are agile. (Dex +2) [potion of
                  | mutation]
 94656 | Zot:5    | Lost mutation: Your spells are much easier to cast, but
                  | much less powerful. [potion of mutation]
 94656 | Zot:5    | Lost mutation: You are dopey. (Int -2) [potion of mutation]
 94656 | Zot:5    | Lost mutation: You are agile. (Dex +2) [potion of mutation]
 94656 | Zot:5    | Lost mutation: Your spells are easier to cast, but less
                  | powerful. [potion of mutation]
 94656 | Zot:5    | Gained mutation: Your system is resistant to poisons.
                  | (rPois) [potion of mutation]
 94656 | Zot:5    | Gained mutation: You evolve. [potion of mutation]
 94656 | Zot:5    | Gained mutation: You are partially covered in molten
                  | scales. (AC +2) [potion of mutation]
 94657 | Zot:5    | Lost mutation: You tend to lose your temper in combat.
                  | [potion of mutation]
 94657 | Zot:5    | Lost mutation: You evolve. [potion of mutation]
 94657 | Zot:5    | Gained mutation: Your spells are easier to cast, but less
                  | powerful. [potion of mutation]
 94657 | Zot:5    | Gained mutation: Your muscles are strong. (Str +2) [potion
                  | of mutation]
 95212 | Zot:5    | Noticed an ancient lich
 95231 | Zot:5    | Killed an ancient lich
 95371 | Zot:5    | Noticed an orb of fire
 95379 | Zot:5    | Gained mutation: You tend to lose your temper in combat.
                  | [an orb of fire]
 95392 | Zot:5    | Gained mutation: You are occasionally teleported next to
                  | monsters. [an orb of fire]
 95393 | Zot:5    | Gained mutation: You often lose your temper in combat. [an
                  | orb of fire]
 95394 | Zot:5    | Killed an orb of fire
 95484 | Zot:5    | Lost mutation: Your system is resistant to poisons. (rPois)
                  | [potion of mutation]
 95484 | Zot:5    | Lost mutation: Your muscles are strong. (Str +2) [potion of
                  | mutation]
 95484 | Zot:5    | Lost mutation: You often lose your temper in combat.
                  | [potion of mutation]
 95484 | Zot:5    | Lost mutation: You are partially covered in molten scales.
                  | (AC +2) [potion of mutation]
 95484 | Zot:5    | Lost mutation: You tend to lose your temper in combat.
                  | [potion of mutation]
 95484 | Zot:5    | Gained mutation: You are agile. (Dex +2) [potion of
                  | mutation]
 95485 | Zot:5    | Lost mutation: You are agile. (Dex +2) [potion of mutation]
 95485 | Zot:5    | Lost mutation: Your spells are easier to cast, but less
                  | powerful. [potion of mutation]
 95485 | Zot:5    | Lost mutation: Your spells are a little easier to cast, but
                  | a little less powerful. [potion of mutation]
 95485 | Zot:5    | Lost mutation: You are occasionally teleported next to
                  | monsters. [potion of mutation]
 95485 | Zot:5    | Gained mutation: You are partially covered in large bone
                  | plates. (SH +4) [potion of mutation]
 95485 | Zot:5    | Gained mutation: Your muscles are strong. (Str +2) [potion
                  | of mutation]
 96663 | Zot:5    | Got the Orb of Zot
 96716 | Zot:5    | Reached skill level 14 in Evocations
 97148 | D:8      | Noticed Fyreduh the pandemonium lord
 97286 | D:$      | Escaped with the Orb!

Skill      XL: |  1  2  3  4  5  6  7  8  9 10 11 12 13 14 15 16 17 18 19 20 21 22 23 24 25 26 27 |
---------------+----------------------------------------------------------------------------------+-----
Fighting       | 3 4 5 7 8 10 12 13 14 15 16 17 18 19 20 | 20.4
Evocations     | 3 5 7 9 10 11 13 14 | 14.1
Armour         | 1 3 4 5 6 7 10 12 13 14 15 16 17 19 | 19.7
Dodging        | 2 6 8 12 | 12.9
Invocations    | 4 6 7 10 11 12 13 14 16 18 19 22 24 27 | 27.0
Shields        | 5 7 8 9 10 11 12 14 15 16 17 18 | 18.8
Slings         | 2 6 7 8 10 11 12 13 16 | 16.0
Short Blades   | | 20.4
Long Blades    | | 20.4
Axes           | | 20.4
Maces & Flails | | 20.4
Polearms       | | 20.4
Staves         | | 20.4
Stealth        | |  2.6
Unarmed Combat | | 20.4
Spellcasting   | |  2.0
Hexes          | |  2.0
Transmutations | |  1.3
Earth Magic    | |  2.0

Action                   |  1- 3 |  4- 6 |  7- 9 | 10-12 | 13-15 | 16-18 | 19-21 | 22-24 | 25-27 || total
-------------------------+-------+-------+-------+-------+-------+-------+-------+-------+-------++-------
Melee: Dagger            |   215 |   131 |   114 |       |       |       |       |       |       ||   460
       Punch             |     1 |     5 |     4 |       |       |       |       |       |       ||    10
       Hand axe          |       |    84 |   164 |       |       |       |       |       |       ||   248
       War axe           |       |       |    79 |   534 |  1140 |   814 |   347 |       |       ||  2914
       Scimitar          |       |       |       |    51 |    65 |       |       |       |       ||   116
       Demon trident     |       |       |       |       |       |   328 |   379 |       |       ||   707
       Broad axe         |       |       |       |       |       |       |   782 |  1079 |  1103 ||  2964
       Quick blade       |       |       |       |       |       |       |    13 |       |       ||    13
       Headbutt          |       |       |       |       |       |       |       |       |     4 ||     4
 Fire: Blowgun           |       |       |    14 |    75 |    10 |       |       |       |       ||    99
       Fustibalus        |       |       |       |       |   116 |   600 |   378 |   582 |   551 ||  2227
Throw: Stone             |     7 |     3 |     3 |     1 |       |       |       |       |       ||    14
       Tomahawk          |       |       |       |       |    14 |     4 |       |       |       ||    18
       Javelin           |       |       |       |       |       |    19 |    13 |    26 |   138 ||   196
       Throwing net      |       |       |       |       |       |       |     1 |       |       ||     1
 Cast: Passwall          |     4 |       |     7 |       |       |       |       |       |       ||    11
       Corona            |     1 |     5 |       |       |       |       |       |       |       ||     6
Invok: Deal Four         |       |       |       |     1 |     1 |     3 |     2 |     3 |     3 ||    13
       Stack Five        |       |       |       |       |       |       |     1 |     1 |     1 ||     3
       Triple Draw       |       |       |       |       |       |       |     1 |       |       ||     1
 Abil: Evoke Berserk Rag |       |       |     1 |       |       |       |       |       |       ||     1
       Draw Destruction  |       |       |     1 |     7 |    11 |     7 |    14 |     9 |     7 ||    56
       Draw Summoning    |       |       |       |     6 |    19 |    13 |    24 |    11 |    16 ||    89
       Evoke Flight      |       |       |       |       |       |     1 |       |       |       ||     1
       Draw Stack        |       |       |       |       |       |       |     3 |     1 |       ||     4
       Draw Escape       |       |       |       |       |       |       |     1 |       |       ||     1
       Evoke Invisibilit |       |       |       |       |       |       |       |       |    13 ||    13
Evoke: Lamp of fire      |     1 |       |     1 |     1 |     1 |     6 |     9 |     6 |     4 ||    29
       Wand              |       |     4 |       |     5 |     8 |    41 |    14 |    13 |    25 ||   110
       Phial of floods   |       |       |       |       |       |     3 |     4 |     4 |     2 ||    13
       Sack of spiders   |       |       |       |       |       |       |     1 |       |       ||     1
       Phantom mirror    |       |       |       |       |       |       |       |       |     1 ||     1
  Use: Scroll            |     2 |     4 |    10 |     9 |    15 |     7 |    18 |     5 |    19 ||    89
       Potion            |       |     6 |     3 |       |       |     3 |     7 |     7 |    23 ||    49
 Stab: Sleeping          |     5 |       |     6 |       |       |       |       |       |       ||    11
       Distracted        |       |       |       |       |     5 |     2 |     3 |     3 |     3 ||    16
       Petrified         |       |       |       |       |     4 |       |       |    16 |       ||    20
       Confused          |       |       |       |       |     1 |     2 |     3 |     2 |     1 ||     9
       Paralysed         |       |       |       |       |     1 |       |       |       |    12 ||    13
       Held in net/web   |       |       |       |       |       |       |     1 |       |       ||     1
       Petrifying        |       |       |       |       |       |       |       |     1 |       ||     1
       Invisible         |       |       |       |       |       |       |       |       |    41 ||    41
  Eat: Chunk             |    10 |    12 |    19 |    40 |    74 |    57 |    50 |    46 |    25 ||   333
       Ration            |       |       |     3 |     3 |     2 |     9 |    11 |    12 |    25 ||    65
Armor: Leather armour    |    26 |       |    50 |       |       |       |       |       |       ||    76
       Ring mail         |    25 |    42 |       |       |       |       |       |       |       ||    67
       Chain mail        |       |    41 |    45 |       |       |       |       |       |       ||    86
       Plate armour      |       |       |   108 |   375 |   788 |   916 |   746 |   605 |   414 ||  3952
Dodge: Dodged            |    64 |    91 |   131 |    54 |   207 |   301 |   275 |   134 |   211 ||  1468
Block: Medium shield     |       |       |       |   307 |   307 |       |       |       |       ||   614
       Buckler           |       |       |       |       |   319 |   547 |   282 |       |       ||  1148
       Large shield      |       |       |       |       |       |       |   804 |  1319 |  1053 ||  3176
       Reflection        |       |       |       |       |       |       |       |    45 |    24 ||    69
       Other             |       |       |       |       |       |       |       |       |     1 ||     1

Levels and vault maps discovered:
D:1:      psy_arrival_fountain, layout_basic, serial_bayou, serial_bayou_lake_a,
          serial_bayou_shore_b, serial_bayou_pond_d, serial_bayou_pond_c
D:2:      layout_basic, serial_glass, glass_columns_c, glass_columns_b,
          due_unseen_surprise, feat_on_display, item_on_display_a
D:3:      layout_loops_cross, cheibrodos_ashenzari_chains, st_stairs_9,
          minmay_divided_ellipse, uniq_jessica
D:4:      cheibrodos_quashed, layout_rooms, first_ration,
          mainiacjoe_ossuary_entry_find_the_door, uniq_eustachio
D:5:      layout_rooms, old_standard_altar, minmay_temple_entry_wispy,
          minmay_small_thing, uniq_blork_the_orc
D:6:      layout_basic, nicolae_wu_jian_glorious_leap, nicolae_vehumet_radiance,
          overflow_temple_1_default, lemuel_blue_sif_altar, bloody_trog
D:7:      layout_basic, lemuel_crystal_altar, nicolae_ru_the_path_less_chosen,
          due_lair_maze_entry_diamond
D:8:      layout_basic, minmay_overflow_temple_star_quad,
          kennysheep_generic_room_12
D:9:      layout_cave_pods, erik_orc_4, basic_altar, serial_shops, shop
D:10:     layout_long_grid
D:11:     layout_cave_pools, grunt_tengu_nest, corner_web_ring,
          nicolae_barding_shop, uniq_maurice, uniq_kirke
D:12:     grunt_enter_depths_hoard, layout_irregular_city,
          hangedman_vaults_entry_quadrant_bands, nicolae_wu_jian_wuxing_cycle,
          gammafunk_ghost_ooze
Temple:   nicolae_temple_hex_pool
Lair:1:   layout_gridlike, fungi_pond_lemuel, lemuel_fruit_tree, uniq_grum
Lair:2:   layout_hall_layers, infiniplex_staircase_pool_2
Lair:3:   layout_regular_city
Lair:4:   layout_cave_shapes, skrybe_swamp_entry_bodies,
          minmay_shoals_entry_beasts, ebering_ghost_inner_flame,
          grunt_megastairs_1, minmay_lair_oklob_chamber
Lair:5:   layout_hall_layers
Lair:6:   minmay_lair_end_enchanted_forest, layout_regular_city, zaba_anthell,
          grunt_megastairs_3
Swamp:1:  layout_falls_marsh, nicolae_swamp_treefoil,
          nicolae_swamp_round_clearing
Swamp:2:  layout_basic_swamp, nicolae_swamp_little_tower, swamp_pool5,
          uniq_nikola
Swamp:3:  swamp_alternative, layout_basic_swamp
Shoals:1: layout_shoals, serial_shops, shop, ldierk_geyser
Shoals:2: layout_shoals, nicolae_island_escapes, uniq_roxanne, uniq_jorgrun
Shoals:3: shoals_end_grunt_ice, layout_shoals, serial_shops,
          nicolae_shop_waterfront
Slime:1:  layout_slime_grid
Slime:2:  layout_slime_grid
Slime:3:  layout_slime_grid, uniq_dissolution
Slime:4:  layout_slime_grid
Slime:5:  slime_pit_nicolae_jellycorners
Orc:      st_orc_mages, layout_diamond_mine, slime_altar_1, serial_shops,
          nicolae_shop_crystal
Elf:1:    minmay_elf_arrival_circle, layout_gridlike, serial_shops,
          bzr_in_the_mist, hangedman_corner_corridor, not_door_vault_mu,
          dreamdust_mushroom_princess
Elf:2:    nicolae_elf_blades_splatter_lattice [nicolae_blade_entry_pointy_end],
          layout_geoelf_diagonals, portal_ice_cave_entry_pillars_three,
          ploomutoo_gammafunk_ghost_potion_laboratory,
          kilobyte_mutagenic_chamber
Elf:3:    elf_hall_gauntlet_narrow, layout_geoelf_castle, serial_shops, shop,
          shop
Vaults:1: hangedman_vaults_nodes, nicolae_vaults_network_s,
          grunt_vaults_hallway_short, nicolae_vaults_little_squares_5,
          vaults_mumra_hexcomb, vaults_room_pools, vaults_room_semicircle,
          nicolae_vaults_mini_display_case, layout_vaults_omnigrid, basic_altar,
          serial_shops, shop
Vaults:2: v_rooms_2, nicolae_vaults_theta, hangedman_vaults_pinch,
          vaults_dpeg_hooks, vaults_room_guarded_vault,
          nicolae_vaults_what_the_h, hangedman_vaults_river_flow,
          nicolae_vaults_specimen_jars, minmay_crypt_entry_necro_gods,
          nicolae_vaults_little_squares_5, hangedman_vaults_corner, v_misc_28,
          nicolae_vaults_ring_of_whatevers, vaults_mumra_chevron_long,
          hangedman_vaults_stretched_pinwheel, layout_vaults_maze, serial_shops,
          bzr_entry_dummy
Crypt:1:  layout_misc_corridors
Crypt:2:  due_elkab, layout_chaotic_city
Depths:1: layout_twisted_cross, lightli_too_deep, minivault_14,
          minmay_misc_feat_cross, minmay_misc_feat_rugged,
          minmay_guarded_unrand_vampires_tooth
Depths:2: kennysheep_snake, layout_honeycomb,
          nicolae_abyss_entry_one_way_or_another, minmay_misc_feat_plants,
          hell_entry, serial_bayou_ford_a, infiniplex_staircase_9_rooms
Depths:3: minmay_the_grid_octo_tiled_squarecenter_mashed
          [minmay_the_grid_octo_concentric, minmay_the_grid_octo_odd_swirl,
          minmay_the_grid_octo_77, minmay_the_grid_octo_clover_2,
          minmay_the_grid_square_5x5_megaprize_diamond,
          minmay_the_grid_square_5x5_two, minmay_the_grid_square_5x5_dogpile,
          minmay_the_grid_square_5x5_eight, minmay_the_grid_square_5x5_z],
          layout_cave_pools, enter_ziggurat_b, rand_demon_pan_entry_3,
          special_room [special_room_morgue], hell_entry, uniq_enchantress
Depths:4: minmay_swirls_squares, layout_basic, hellmouth_1, abyss_entry,
          okawaru_ov_weapons_minmay
Depths:5: grunt_zot_entry_gee_three, layout_honeycomb, serial_bayou_pond_c,
          hell_entry, lemuel_flamethrower_2
Zot:1:    lemuel_firehouse, layout_cathedral_of_symmetry, skrybe_zot_glass_2
Zot:2:    lemuel_acid_trip, layout_cathedral_of_symmetry, skrybe_zot_glass_1,
          st_large_dragon_hoard_3
Zot:3:    layout_twisted_circle
Zot:4:    lemuel_halls_of_wrath, layout_onion, regret_index_zotdec_icy_dp,
          grunt_ministairs_12
Zot:5:    layout_twisted_circle

Table legend:
 A = Turns spent in this place as a percentage of turns spent in the entire game.
 B = Non-inter-level travel turns spent in this place as a percentage of non-inter-level travel turns spent in the entire game.
 C = Inter-level travel turns spent in this place as a percentage of turns spent in this place.
 D = Turns resting spent in this place as a percentage of non-inter-level travel turns spent in this place.
 E = Turns spent auto-exploring this place as a percentage of non-inter-level travel turns spent in this place.
 F = Non-inter-level travel turns spent in this place divided by the number of levels of this place that you've seen.
                   A       B       C       D       E      F
               +-------+-------+-------+-------+-------+----------------------
         Total | 100.0 | 100.0 |  15.2 |  37.9 |  35.5 | 1617.6
       Dungeon |  19.9 |  18.2 |  22.5 |  17.0 |  52.4 | 1252.3
        Temple |   0.1 |   0.1 |  40.8 |   0.0 |  96.1 |  77.0
          Lair |  13.3 |  11.0 |  30.2 |  18.1 |  57.9 | 1508.3
         Swamp |   5.5 |   5.9 |   9.0 |  36.0 |  38.9 | 1631.7
        Shoals |   6.7 |   6.9 |  12.8 |  31.3 |  45.7 | 1889.7
    Slime Pits |   5.3 |   5.4 |  12.2 |  71.5 |   8.0 | 898.2
  Orcish Mines |   2.0 |   1.5 |  35.4 |  12.1 |  59.5 | 1243.0
   Elven Halls |   8.5 |   9.0 |  10.7 |  46.9 |  29.8 | 2471.7
        Vaults |   5.7 |   5.7 |  15.4 |  19.9 |  48.0 | 2339.5
         Crypt |   6.9 |   7.8 |   4.9 |  51.0 |  20.8 | 3207.0
        Depths |  15.5 |  16.4 |  10.5 |  47.2 |  29.9 | 2707.2
           Zot |   9.0 |  10.4 |   2.2 |  64.9 |   5.2 | 1721.2
        Bazaar |   0.1 |   0.1 |   0.0 |   0.0 |  41.6 | 113.0
       Ossuary |   0.4 |   0.4 |   0.0 |  14.8 |  33.4 | 359.0
      Ice Cave |   0.9 |   1.1 |   0.0 |  52.3 |   1.7 | 921.0
               +-------+-------+-------+-------+-------+----------------------

Table legend:
 A = Kills in this place as a percentage of kills in entire the game.
 B = Kills by you in this place as a percentage of kills by you in the entire game.
 C = Kills by friends in this place as a percentage of kills by friends in the entire game.
 D = Other kills in this place as a percentage of other kills in the entire game.
 E = Experience gained in this place as a percentage of experience gained in the entire game.
 F = Experience gained in this place divided by the number of levels of this place that you have seen.
                   A       B       C       D       E      F
               +-------+-------+-------+-------+-------+----------------------
         Total | 100.0 | 100.0 | 100.0 | 100.0 | 100.0 | 29638.4
       Dungeon |  19.6 |  19.7 |  22.3 |   0.0 |   4.3 | 5403.5
          Lair |  10.5 |   9.5 |  26.6 |   0.0 |   3.3 | 8305.0
         Swamp |   7.4 |   7.5 |   2.2 |  25.0 |   5.7 | 28474.0
        Shoals |   5.3 |   5.2 |   7.2 |   0.0 |   4.5 | 22566.7
    Slime Pits |   4.7 |   5.1 |   0.0 |   0.0 |   3.8 | 11399.0
  Orcish Mines |   3.4 |   3.5 |   0.0 |   7.1 |   0.6 | 9812.0
   Elven Halls |   5.8 |   5.3 |  12.9 |   7.1 |   6.8 | 34251.0
        Vaults |   8.5 |   8.5 |   8.6 |   3.6 |   7.8 | 59202.5
         Crypt |   6.6 |   7.0 |   2.2 |   0.0 |   8.3 | 62415.0
        Depths |  15.4 |  15.6 |  10.1 |  28.6 |  27.3 | 82603.6
           Zot |  10.7 |  10.7 |   7.2 |  28.6 |  27.1 | 81824.0
       Ossuary |   0.7 |   0.8 |   0.0 |   0.0 |   0.0 | 291.0
      Ice Cave |   1.4 |   1.4 |   0.7 |   0.0 |   0.6 | 8541.0
               +-------+-------+-------+-------+-------+----------------------
